 Dungeon Crawl Stone Soup version 0.23.2-40-g277498a001 (webtiles) character file.

Game seed: 8408442198040057905

18822 Descartes the Corrupter of Planes (level 12, -8/97 HPs)
             Began as a Formicid Abyssal Knight on Sept 26, 2019.
             Was the Champion of Lugonu.
             Mangled by a spiny frog (12 damage)
             ... on level 1 of the Lair of Beasts.
             The game lasted 00:53:50 (19829 turns).

Descartes the Corrupter of Planes (FoAK)           Turns: 19829, Time: 00:53:51

Health: -8/97      AC: 23    Str: 17    XL:     12   Next: 99%
Magic:  19/19      EV:  7    Int: 12    God:    Lugonu [******]
Gold:   572        SH: 14    Dex: 12    Spells: 11/11 levels left

rFire    . . .     SeeInvis +   E - +4 long sword "Dyag" {slice, *Slow rElec rPois}
rCold    + + .     Gourm    .   T - +0 shield
rNeg     . . .     Faith    .   y - +0 plate armour
rPois    +         Spirit   .   (helmet unavailable)
rElec    +         Reflect  +   m - +0 cloak
rCorr    .         Harm     .   i - +1 pair of gloves of the Beekeeper {+Blink rC++ Str-3 Stlth+}
MR       +....                  A - +0 pair of boots
Stlth    ..........             d - +4 amulet of reflection
HPRegen  0.26/turn              M - ring of stealth (curse)
MPRegen  0.16/turn              g - +4 ring of protection

@: no status effects
A: permanent stasis, dig shafts and tunnels, four strong arms, antennae 3
a: Dig, Shaft Self, Depart the Abyss, Bend Space, Banish, Corrupt, Enter the
Abyss, Brand Weapon With Distortion, Renounce Religion


You were on level 1 of the Lair of Beasts.
You worshipped Lugonu.
Lugonu was exalted by your worship.
You were hungry.

You visited 3 branches of the dungeon, and saw 14 of its levels.
You visited the Abyss 2 times.

You collected 944 gold pieces.
You spent 372 gold pieces at shops.

Inventory:

Hand Weapons
 w - a +0 flail of holy wrath
 E - the +4 long sword "Dyag" (weapon) {slice, *Slow rElec rPois}
   (You took it off an orc wizard on level 9 of the Dungeon)

   It inflicts extra damage upon your enemies.
   It insulates you from electricity.
   It protects you from poison.
   It may slow you when you take damage.
 J - the +1 war axe of Moral Flaws {flame, MR+ Stlth+}
   (You found it on level 7 of the Dungeon)

   It has been specially enchanted to burn those struck by it, causing extra
   injury to most foes and up to half again as much damage against particularly
   susceptible opponents.
   Big, fiery blades are also staple armaments of hydra-hunters.
   It affects your resistance to hostile enchantments.
   It makes you more stealthy.
 R - the +9 quarterstaff "Jimekir" {freeze, +Rage +Fly Str-5 Stlth+}
   (You found it on level 9 of the Dungeon)

   It has been specially enchanted to freeze those struck by it, causing extra
   injury to most foes and up to half again as much damage against particularly
   susceptible opponents.
   It can also slow down cold-blooded creatures.
   It affects your strength (-5).
   It lets you fly.
   It lets you go berserk.
   It makes you more stealthy.
Missiles
 f - 4 throwing nets
 k - 5 curare-tipped needles
 l - 282 arrows
 z - 393 stones (quivered)
 C - 20 poisoned needles
 G - 50 sling bullets
Armour
 i - the +1 pair of gloves of the Beekeeper (worn) {+Blink rC++ Str-3 Stlth+}
   (You acquired it on level 9 of the Dungeon)

   It affects your strength (-3).
   It greatly protects you from cold.
   It lets you blink.
   It makes you more stealthy.
 m - a +0 cloak (worn)
 y - a +0 plate armour (worn)
 A - a +0 pair of boots (worn)
 T - a +0 shield (worn)
Jewellery
 d - a +4 amulet of reflection (around neck)
 g - a +4 ring of protection (right hand)
 B - a +1 ring of evasion
 M - a cursed ring of stealth (left hand)
Wands
 x - a wand of flame (41)
 O - a wand of disintegration (4)
 V - a wand of iceblast (2)
 Y - a wand of acid (7)
Scrolls
 b - a scroll of random uselessness {unknown}
 n - 3 scrolls of enchant armour
 o - 5 scrolls of remove curse
 p - a scroll of torment
 q - a scroll of magic mapping {unknown}
 t - 3 scrolls of enchant weapon
 u - 3 scrolls of fog
 v - 2 scrolls of immolation
 D - a scroll of noise {unknown}
 F - a scroll of acquirement
 H - 2 scrolls of amnesia {unknown}
 K - a scroll of holy word {unknown}
 X - a scroll of fear {unknown}
Potions
 a - a potion of magic
 e - 2 potions of cancellation
 h - 8 potions of curing
 j - 6 potions of brilliance
 r - 3 potions of flight
 s - 2 potions of agility
 I - a potion of mutation
 U - a potion of resistance
 W - 3 potions of heal wounds
 Z - a potion of lignification
Miscellaneous
 L - a lamp of fire
 P - a sack of spiders
 Q - a lightning rod (4/4)
 S - a crystal ball of energy
Comestibles
 c - 19 rations
 N - a chunk of flesh


   Skills:
 + Level 9.9 Fighting
 + Level 4.2 Long Blades
 + Level 8.5 Axes
 + Level 9.6 Armour
 + Level 7.7 Dodging
 - Level 3.7 Stealth
 + Level 5.5 Shields
 - Level 10.0 Invocations
 - Level 5.0 Evocations


You had 11 spell levels left.
You didn't know any spells.
Your spell library contained the following spells:

 Spells                   Type           Power        Failure   Level  Hunger
 Beastly Appendage        Tmut           #.....       100%        1    ##.....
 Corona                   Hex            #......      100%        1    ##.....
 Shock                    Conj/Air       #...         100%        1    ##.....
 Ensorcelled Hibernation  Hex/Ice        #.....       100%        2    ###....
 Sticks to Snakes         Tmut           #.......     100%        2    ###....
 Swiftness                Chrm/Air       #.......     100%        2    ###....
 Confuse                  Hex            #.......     100%        3    ####...
 Dazzling Spray           Conj/Hex       #.....       100%        3    ####...
 Spider Form              Tmut/Pois      #.........   100%        3    ####...
 Static Discharge         Conj/Air       #.......     100%        3    ####...
 Tukima's Dance           Hex            #.......     100%        3    ####...
 Airstrike                Air            #.........   100%        4    #####..
 Ice Form                 Ice/Tmut       #.......     100%        4    #####..
 Blade Hands              Tmut           #.........   100%        5    ######.
 Lightning Bolt           Conj/Air       #.........   100%        5    ######.


Dungeon Overview and Level Annotations

Branches:
Dungeon (11/15)            Temple (1/1) D:7            Lair (2/6) D:11
    Orc (0/2) D:11
  Swamp: Lair:2-4    Shoals: Lair:2-4     Snake: Lair:2-4    Spider: Lair:2-4

Altars:
Ashenzari
Cheibriados
Dithmenos
Elyvilon
Fedhas
Gozag
Hepliaklqana
Kikubaaqudgha
Makhleb
Nemelex Xobeh
Okawaru
Qazlal
Ru
Sif Muna
Trog
Uskayaw
Vehumet
Wu Jian
Xom
Yredelemnul
Zin
The Shining One
Jiyva

Shops:
D:4 !   D:5 %   D:11 =

Portals:
Trove: D:10 (give +3 shadow dragon scales)

Annotations:
Lair:1 exclusion: oklob plant


Innate Abilities, Weirdness & Mutations

You cannot be hasted, slowed, berserked, paralysed or teleported.
You can dig through walls and to a lower floor.
Your four strong arms can wield two-handed weapons with a shield.
You have a pair of large antennae on your head. (SInv)


Message History

The spiny frog barely misses you.
You riposte.
You closely miss the spiny frog.
The spiny frog is lightly wounded.
The bullfrog barely misses you. The bullfrog barely misses you.
You feel sick.
The spiny frog stings you but does no damage.
You block the bullfrog's attack.
The bullfrog hits you but does no damage.
You feel sick.
You barely miss the bullfrog.
You are feeling hungry.
You block the bullfrog's attack.
You completely miss the spiny frog. The spiny frog stings you.
* * * LOW HITPOINT WARNING * * *
You block the spiny frog's attack.
Your plate armour prevents you from hitting the spiny frog.
You feel sick.
You are no longer poisoned.
The spiny frog stings you!
You die...

### ### #.#######.###
#...........# ##..#######P.#
#######P.P# ##.# #........######
##.# #.####...@FF..# #..#
########.####...##.#.####.#
..............######..# #.###
..#####...##..#.#.##.####.#.#####
.#.####....(.........>........#..
...............##....###.##P.....
..######..##...###.#.###.###.##.#
..# #####...# #....##.# #.####
.## #.>.###...###.# #.#


You could see a spiny frog and a bullfrog.

Vanquished Creatures
  2 hydras (Lair:2)
  Erica (D:11)
  A two-headed ogre (D:10)
  Sonja (D:10)
  3 komodo dragons (Lair:2)
  2 tengu conjurers (D:9)
  3 trolls
  A hornet (D:6)
  Grinder (D:6)
  4 hippogriffs
  Prince Ribbit (D:8)
  A wraith (D:9)
  2 wyverns
  15 yaks
  Eustachio (D:4)
  2 two-headed ogre zombies (D:11)
  Edmund (D:5)
  3 water moccasins
  7 porcupines
  6 ice beasts
  A black bear (D:6)
  4 orc warriors
  An eye of draining (D:10)
  4 sky beasts
  4 necrophages
  4 phantoms
  5 centaurs
  3 ogres
  9 crocodiles
  A big kobold (D:8)
  13 bullfrogs
  A wyvern zombie (D:7)
  4 scorpions
  4 troll zombies (D:11)
  6 killer bees
  11 wights
  2 howler monkeys
  2 crimson imps
  A centaur zombie (D:2)
  5 bullfrog zombies
  6 jellies
  5 hounds
  6 orc priests
  11 orc wizards
  3 bullfrog skeletons
  2 centaur skeletons
  Natasha (thrice) (D:3)
  3 iguanas
  10 worker ants
  A killer bee zombie (D:7)
  2 ogre zombies (D:11)
  A hound zombie (D:7)
  3 hound skeletons
  A howler monkey zombie (D:9)
  3 worker ant zombies
  6 gnolls
  15 adders
  7 shadow imps
  A white imp (D:5)
  An adder zombie (D:5)
  5 oozes (D:8)
  An adder skeleton (D:4)
  5 worms
  3 dart slugs
  9 leopard geckos
  30 orcs
  6 bats
  4 giant cockroaches
  10 goblins
  5 hobgoblins
  15 jackals
  7 quokkas
  3 ball pythons
  A frilled lizard (D:2)
  A goblin skeleton (D:11)
  2 goblin zombies (D:11)
  4 hobgoblin skeletons (D:11)
  A hobgoblin zombie (D:11)
  15 kobolds
  A leopard gecko zombie (D:9)
  4 orc skeletons (D:11)
  13 orc zombies (D:11)
  A quokka zombie (D:7)
  14 rats
393 creatures vanquished.

Vanquished Creatures (others)
  A tengu warrior (D:9)
  An orc (D:10)
  11 toadstools (Lair:1)
13 creatures vanquished.

Grand Total: 406 creatures vanquished

Notes
Turn   | Place    | Note
-------+----------+-------------------------------------------
     0 | Abyss:1  | Descartes the Formicid Abyssal Knight began the quest for
                  | the Orb.
     0 | Abyss:1  | Reached XP level 1. HP: 18/18 MP: 2/2
    22 | D:1      | Escaped the Abyss
   383 | D:1      | Reached XP level 2. HP: 24/24 MP: 3/3
   650 | D:2      | You fall through a shaft!
   792 | D:2      | Reached XP level 3. HP: 14/30 MP: 4/4
  1086 | D:2      | Reached ** piety under Lugonu
  1086 | D:2      | Reached skill level 1 in Dodging
  1298 | D:2      | Reached XP level 4. HP: 34/37 MP: 5/5
  1722 | D:2      | Reached skill level 1 in Shields
  1722 | D:2      | Reached XP level 5. HP: 23/42 MP: 5/7
  1966 | D:2      | Found a shattered altar of Ashenzari.
  2314 | D:3      | Found an opulent altar of Gozag.
  2336 | D:3      | Found a white marble altar of Elyvilon.
  2385 | D:3      | Reached skill level 3 in Invocations
  2775 | D:3      | Reached XP level 6. HP: 12/49 MP: 8/8
  3043 | D:3      | Reached *** piety under Lugonu
  3458 | D:4      | Found a white marble altar of Elyvilon.
  3693 | D:4      | Reached XP level 7. HP: 51/55 MP: 9/9
  3694 | D:4      | Found Plog's Distillery.
  3717 | D:4      | Bought a potion of heal wounds for 70 gold pieces
  3717 | D:4      | Bought a potion of curing for 42 gold pieces
  3821 | D:4      | Noticed Eustachio
  4042 | D:4      | Noticed Natasha
  4046 | D:4      | Reached skill level 4 in Invocations
  4063 | D:3      | Killed Natasha
  4269 | D:3      | Noticed Natasha
  4276 | D:3      | Killed Natasha
  4276 | D:3      | Reached skill level 5 in Fighting
  4283 | D:3      | Noticed Natasha
  4291 | D:3      | Killed Natasha
  4345 | D:3      | Found a white marble altar of Elyvilon.
  4558 | D:4      | Killed Eustachio
  4558 | D:4      | Reached XP level 8. HP: 41/62 MP: 11/11
  4682 | D:4      | Found a shadowy altar of Dithmenos.
  4902 | D:4      | Found a sacrificial altar of Ru.
  4951 | D:5      | Entered Level 5 of the Dungeon
  5036 | D:5      | Noticed Edmund
  5062 | D:5      | Killed Edmund
  5062 | D:5      | Reached **** piety under Lugonu
  5062 | D:5      | Reached skill level 5 in Invocations
  5175 | D:5      | Reached skill level 5 in Armour
  5187 | D:5      | Found Bizehukh's Food Emporium.
  5766 | D:6      | Reached XP level 9. HP: 60/69 MP: 13/13
  5817 | D:6      | Noticed Grinder
  5835 | D:6      | Killed Grinder
  5835 | D:6      | Reached skill level 6 in Invocations
  5864 | D:6      | Found a glowing silver altar of Zin.
  6025 | D:6      | Reached skill level 5 in Axes
  6442 | D:7      | Noticed a hornet
  6479 | D:6      | Killed a hornet
  6809 | D:7      | Found a staircase to the Ecumenical Temple.
  6827 | D:7      | Reached skill level 5 in Dodging
  7005 | Temple   | Entered the Ecumenical Temple
  7254 | D:7      | Reached skill level 7 in Invocations
  7312 | D:7      | Found an ancient bone altar of Kikubaaqudgha.
  7554 | D:7      | Reached XP level 10. HP: 72/79 MP: 15/15
  7870 | D:7      | Got a smoking war axe
  7871 | D:7      | Identified the +1 war axe of Moral Flaws {flame, MR+
                  | Stlth+} (You found it on level 7 of the Dungeon)
  8102 | D:8      | Found a viscous altar of Jiyva.
  8143 | D:8      | Reached ***** piety under Lugonu
  8478 | D:8      | Noticed Prince Ribbit
  8498 | D:8      | Killed Prince Ribbit
  8626 | D:8      | Found an iron altar of Okawaru.
  8652 | D:8      | Reached skill level 8 in Invocations
  8671 | D:8      | Found a blossoming altar of Fedhas.
  8939 | D:9      | Reached skill level 1 in Stealth
  8952 | D:9      | Reached skill level 1 in Evocations
  8953 | D:9      | Found a glowing golden altar of the Shining One.
  9295 | D:9      | Found a shimmering altar of Xom.
  9359 | D:9      | Noticed a tengu warrior
 10229 | D:9      | Reached XP level 11. HP: 68/86 MP: 17/17
 10242 | D:9      | Identified the +4 long sword "Dyag" {slice, *Slow rElec
                  | rPois}
 10734 | D:9      | Got a bloodstained quarterstaff
 10735 | D:9      | Identified the +9 quarterstaff "Jimekir" {freeze, +Rage
                  | +Fly Str-5 Stlth+} (You found it on level 9 of the Dungeon)
 11154 | D:9      | Banished a tengu warrior
 11376 | D:9      | Reached skill level 1 in Long Blades
 11553 | D:10     | Entered Level 10 of the Dungeon
 11635 | D:9      | Reached skill level 9 in Invocations
 12021 | D:10     | Noticed a two-headed ogre
 12023 | D:10     | Found a portal to a secret trove of treasure.
 12034 | D:10     | HP: 1/84 [two-headed ogre/+0 giant club (13)]
 12036 | D:10     | Killed a two-headed ogre
 12800 | D:11     | Noticed Sonja
 13626 | D:11     | Cast into level 1 of the Abyss (Sonja)
 13684 | Abyss:1  | Noticed a bone dragon
 13686 | D:11     | Escaped the Abyss
 13726 | D:10     | Killed Sonja
 13726 | D:10     | Reached XP level 12. HP: 31/95 MP: 18/18
 14070 | D:11     | Found a staircase to the Lair.
 14254 | D:11     | Found Rommuth's Jewellery Shop.
 14850 | D:11     | Found a staircase to the Orcish Mines.
 16182 | D:9      | Found Vosog's Distillery.
 16192 | D:9      | Bought a potion of heal wounds for 65 gold pieces
 16192 | D:9      | Bought a potion of curing for 39 gold pieces
 16192 | D:9      | Bought a potion of curing for 39 gold pieces
 16192 | D:9      | Bought a potion of curing for 39 gold pieces
 16192 | D:9      | Bought a potion of lignification for 39 gold pieces
 16192 | D:9      | Bought a potion of curing for 39 gold pieces
 16197 | D:9      | Identified 2 scrolls of acquirement
 16200 | D:9      | Got a pair of ichor-stained gloves
 16206 | D:9      | Identified the +1 pair of gloves of the Beekeeper {+Blink
                  | rC++ Str-3 Stlth+} (You acquired it on level 9 of the
                  | Dungeon)
 16409 | D:9      | Found a radiant altar of Vehumet.
 16865 | D:11     | Reached ****** piety under Lugonu
 17157 | D:11     | Noticed Erica
 17177 | D:11     | Killed Erica
 17586 | D:11     | Reached skill level 5 in Evocations
 17692 | Lair:1   | Entered Level 1 of the Lair of Beasts
 18316 | Lair:1   | Found a blossoming altar of Fedhas.
 18630 | Lair:2   | Noticed an eight-headed hydra
 18648 | Lair:2   | Killed a two-headed hydra
 18648 | Lair:2   | Reached skill level 5 in Shields
 18648 | Lair:2   | Reached skill level 10 in Invocations
 19327 | Lair:2   | Noticed an eight-headed hydra
 19342 | Lair:2   | Killed a one-headed hydra
 19828 | Lair:1   | HP: 4/97 [spiny frog (5)]
 19829 | Lair:1   | Mangled by a spiny frog

Skill      XL: |  1  2  3  4  5  6  7  8  9 10 11 12 |
---------------+-------------------------------------+-----
Fighting       | 4 5 6 7 8 9 |  9.9
Dodging        | 1 2 3 4 5 6 7 |  7.7
Armour         | 3 4 5 6 7 8 9 |  9.6
Shields        | 1 2 3 5 |  5.5
Invocations    | 3 4 5 7 8 9 10 | 10.0
Axes           | 3 4 5 6 7 8 |  8.5
Stealth        | 2 3 |  3.7
Evocations     | 1 4 5 |  5.0
Long Blades    | 2 4 |  4.2

Action                   |  1- 3 |  4- 6 |  7- 9 | 10-12 || total
-------------------------+-------+-------+-------+-------++-------
Melee: Hand axe          |    72 |   248 |   319 |       ||   639
       Flail             |       |       |    81 |   120 ||   201
       War axe           |       |       |       |   795 ||   795
       Long sword        |       |       |       |    86 ||    86
       Quarterstaff      |       |       |       |    51 ||    51
 Fire: Hunting sling     |       |     3 |       |     5 ||     8
Invok: Depart the Abyss  |       |       |       |     1 ||     1
       Banish            |       |       |       |     1 ||     1
Evoke: Wand              |       |       |       |     1 ||     1
  Use: Scroll            |       |       |    11 |     8 ||    19
       Potion            |       |       |       |     9 ||     9
 Stab: Distracted        |       |       |       |     1 ||     1
  Eat: Chunk             |     1 |     8 |    13 |    34 ||    56
       Ration            |       |       |       |     2 ||     2
Armor: Ring mail         |    21 |    59 |       |       ||    80
       Leather armour    |     1 |       |       |       ||     1
       Plate armour      |       |    60 |   266 |   544 ||   870
Dodge: Dodged            |    37 |    88 |   157 |   432 ||   714
Block: Other             |    12 |       |       |       ||    12
       Reflection        |     1 |     2 |     6 |    19 ||    28
       Buckler           |       |    87 |   210 |   218 ||   515
       Shield            |       |       |       |   454 ||   454
       Rpst.: Long sword |       |       |       |    16 ||    16
